 Dungeon Crawl Stone Soup version 0.27-a0-1196-g3e9cee4cb2 (webtiles) character file.

Game seed: 13999970533034283394

65 bisexualwizard the Chopper (level 4, -1/40 HPs)
             Began as a Hill Orc Abyssal Knight on May 29, 2021.
             Was a Follower of Lugonu.
             Slain by an adder (3 damage)
             ... on level 2 of the Dungeon.
             The game lasted 00:04:46 (2258 turns).

bisexualwizard the Chopper (HOAK)                   Turns: 2258, Time: 00:04:47

Health: -1/40      AC:  4    Str: 15    XL:     4   Next: 13%
Magic:  6/6        EV: 11    Int: 12    God:    Lugonu [*.....]
Gold:   102        SH:  0    Dex: 10    Spells: 3/3 levels left

rFire    . . .     SeeInvis .   a - +1 hand axe
rCold    . . .     Faith    .   (no shield)
rNeg     . . .     Spirit   .   b - +1 leather armour
rPois    .         Reflect  .   (no helmet)
rElec    .         Harm     .   (no cloak)
rCorr    .         Rampage  .   (no gloves)
Will     .....                  (no boots)
Stlth    +.........             (no amulet)
HPRegen  0.13/turn              (no ring)
MPRegen  0.10/turn              (no ring)

@: mighty, lethally poisoned (-1 -> -7)
A: no striking features
a: Renounce Religion, Depart the Abyss


You were on level 2 of the Dungeon.
You worshipped Lugonu.
Lugonu was aware of your devotion.
You visited 1 branch of the dungeon, and saw 3 of its levels.
You visited the Abyss 1 time.

You collected 102 gold pieces.

Inventory:

Hand Weapons
 a - a +1 hand axe (weapon)
Armour
 b - a +1 leather armour (worn)
Jewellery
 j - a +4 ring of slaying
Wands
 h - a wand of flame (17)
Scrolls
 d - 3 scrolls of enchant armour
 e - a scroll of teleportation {unknown}
 g - a scroll of blinking {unknown}
 i - 2 scrolls of magic mapping {unknown}
 k - 2 scrolls of amnesia {unknown}
 l - 3 scrolls of vulnerability {unknown}
 n - a scroll of torment {unknown}
Potions
 f - a potion of heal wounds {unknown}


   Skills:
 - Level 4.0 Fighting
 * Level 4.6 Axes
 - Level 2.4 Armour
 - Level 1.2 Dodging
 + Level 2.9 Invocations


You had 3 spell levels left.
You didn't know any spells.
Your spell library was empty.

Dungeon Overview and Level Annotations

Branches:
Dungeon (3/15)

Altars:
Fedhas

Annotations:
D:3 Jessica


Message History

You kill the hobgoblin!
Lugonu accepts your kill. The adder bites you.
The adder bites you but does no damage.
You hit the adder but do no damage. The adder bites you but does no damage.
You hit the adder but do no damage. The adder completely misses you.
The adder bites you.
You are poisoned.
The adder poisons you!
You hit the adder.
The adder is heavily wounded.
You feel sick. The adder bites you.
You closely miss the adder.
The adder is heavily wounded.
You feel sick. The adder barely misses you.
You closely miss the adder.
The adder is heavily wounded.
You feel sick. The adder bites you. x2
* * * LOW HITPOINT WARNING * * *
You barely miss the adder.
The adder is heavily wounded.
You feel sick. The adder bites you.
* * * LOW HITPOINT WARNING * * *
It was a potion of brilliance.
You feel clever all of a sudden.
You feel sick. The adder barely misses you.
It was a potion of cancellation.
Your magical effects are unravelling.
You feel magically purged.
You feel a little less clever now.
You feel sick.
You are no longer poisoned.
The adder completely misses you. The adder bites you.
* * * LOW HITPOINT WARNING * * *
You are lethally poisoned!
The adder poisons you!
It was a potion of might.
You feel very mighty all of a sudden.
* * * LOW HITPOINT WARNING * * *
You feel sick. The adder bites you.
You die...

......# ####.#.#.....#.#
......# #...#.#.....#.#
..)#'## #.###.#...#.#.#
...#.#####.###.#...#...#
≈..........#....÷......#
#...#####.P.........#..#
##..# #.PP..........>#
≈≈..# #.PP...#S#...###
≈#..# ##.##...@....#
##..# ####..#.#...#
#...# #........# #...#
#........# ...##
#####....# ...# ######
####


You could see an adder.

Vanquished Creatures
  An adder (D:2)
  3 dart slugs (D:1)
  7 bats
  5 endoplasms
  A giant cockroach (D:2)
  4 hobgoblins
  4 jackals (D:1)
  6 kobolds
  2 quokkas
  6 ball pythons
  5 frilled lizards
  5 rats
49 creatures vanquished.

Vanquished Creatures (others)
  3 plants (D:2)
3 creatures vanquished.

Grand Total: 52 creatures vanquished

Notes
Turn   | Place    | Note
-------+----------+-------------------------------------------
     0 | Abyss:1  | bisexualwizard the Hill Orc Abyssal Knight began the quest
                  | for the Orb.
     0 | Abyss:1  | Reached XP level 1. HP: 19/19 MP: 2/2
    56 | Abyss:1  | Noticed an orange demon
    60 | D:1      | Escaped the Abyss
   241 | D:1      | Reached skill level 1 in Dodging
   289 | D:1      | Found a faded altar of an unknown god.
   434 | D:1      | Reached XP level 2. HP: 13/27 MP: 4/4
   725 | D:1      | Reached * piety under Lugonu
   852 | D:1      | Reached XP level 3. HP: 33/33 MP: 5/5
  1622 | D:2      | Found a blossoming altar of Fedhas.
  2007 | D:2      | Reached XP level 4. HP: 40/40 MP: 6/6
  2223 | D:3      | Noticed Jessica
  2225 | D:3      | Noticed a phantom
  2258 | D:2      | HP: 2/40 [poisoned by an adder]
  2258 | D:2      | Slain by an adder

Illustrated notes

Levels and vault maps discovered:
D:1:      dpeg_arrival_shrine, layout_basic,
          hellmonk_ecumenical_altar_inner_sanctum, serial_bayou_crossing
D:2:      layout_basic, serial_forest, infiniplex_forest_split,
          infiniplex_forest_lined_room_3, infiniplex_forest_lined_corner,
          infiniplex_forest_clump_double, infiniplex_forest_end_double,
          infiniplex_forest_clump_tiny, infiniplex_forest_straight_2,
          minivault_4, st_stairs_14, kennysheep_flooded_box,
          minmay_three_crescents
D:3:      layout_rooms, minitemple, uniq_jessica

Skill      XL: |  1  2  3 |
---------------+----------+-----
Dodging        | 1 |  1.2
Fighting       | 4 |  4.0
Axes           | 3 4 |  4.6
Armour         | |  2.4
Invocations    | |  2.9

Action                   |  1- 3 |  4- 6 || total
-------------------------+-------+-------++-------
Melee: Hand axe          |   115 |    24 ||   139
Invok: Depart the Abyss  |     1 |       ||     1
  Use: Scroll            |     1 |       ||     1
       Potion            |       |     3 ||     3
Armor: Leather armour    |    45 |    10 ||    55
Dodge: Dodged            |    87 |    14 ||   101

Table legend: (Time is in decaauts)
 A = Elapsed time spent in this place.
 B = Non-inter-level travel time spent in this place.
 C = Inter-level travel time spent in this place.
 D = Time resting spent in this place.
 E = Time spent auto-exploring this place.
 F = Levels seen in this place.
 G = Mean time per level.
                   A        B        C        D        E       F      G
               +--------+--------+--------+--------+--------+-----+--------+
         Total |   2286 |   2249 |     37 |    324 |   1598 |   4 |  571.5 |
       Dungeon |   2226 |   2189 |     37 |    324 |   1551 |   3 |  742.0 |
         Abyss |     60 |     60 |      0 |      0 |     47 |   1 |   60.0 |
               +--------+--------+--------+--------+--------+-----+--------+

Top non-repeatable levels by time:
     D:1: 1289 daAuts
     D:2: 854 daAuts
     D:3: 82 daAuts
 Abyss:1: 60 daAuts
